 Dungeon Crawl Stone Soup version 0.25-a0-194-gece12570e2 (webtiles) character file.

Game seed: 13764608744783069462, levelgen mode: deterministic

248 Nierin the Chopper (level 5, -1/47 HPs)
             Began as a Minotaur Berserker on Nov 30, 2019.
             Was a Priest of Trog.
             Killed from afar by an orc wizard (3 damage)
             ... with a puff of flame
             ... on level 3 of the Dungeon.
             The game lasted 00:09:46 (1620 turns).

Nierin the Chopper (Minotaur Berserker)             Turns: 1620, Time: 00:09:46

Health: -1/47      AC:  5    Str: 21    XL:     5   Next: 86%
Magic:  4/4        EV: 12    Int:  4    God:    Trog [***...]
Gold:   121        SH:  0    Dex: 11    Spells: 4/4 levels left

rFire    . . .     SeeInvis .   a - +0 hand axe
rCold    . . .     Gourm    .   k - +0 buckler
rNeg     . . .     Faith    .   e - +0 ring mail
rPois    .         Spirit   .   (helmet restricted)
rElec    .         Reflect  .   (no cloak)
rCorr    .         Harm     .   (no gloves)
MR       .....                  (no boots)
Stlth    ..........             (no amulet)
HPRegen  0.15/turn              (no ring)
MPRegen  0.09/turn              (no ring)

@: confused, berserk cooldown
A: retaliatory headbutt, horns 2
a: Berserk, Trog's Hand, Renounce Religion


You were on level 3 of the Dungeon.
You worshipped Trog.
Trog was most pleased with you.
You were not hungry.

You visited 1 branch of the dungeon, and saw 3 of its levels.

You collected 121 gold pieces.

Inventory:

Hand Weapons
 a - a +0 hand axe (weapon)
Armour
 e - a +0 ring mail (worn)
 k - a +0 buckler (worn)
Wands
 n - a wand of disintegration (3)
Scrolls
 g - 2 scrolls of identify {unknown}
 h - a scroll of teleportation {unknown}
 i - a scroll of fear {unknown}
 l - 2 scrolls of enchant weapon {unknown}
 m - 2 scrolls of magic mapping {unknown}
Potions
 j - a potion of mutation {unknown}
Comestibles
 c - 2 rations


   Skills:
 + Level 4.7 Fighting
 * Level 5.4 Axes
 + Level 3.8 Armour
 + Level 3.5 Dodging
 + Level 2.0 Shields


You had 4 spell levels left.
You didn't know any spells.
Your spell library was empty.

Dungeon Overview and Level Annotations

Branches:
Dungeon (3/15)

Altars:
Cheibriados
Dithmenos
Hepliaklqana
Kikubaaqudgha


Innate Abilities, Weirdness & Mutations

You reflexively headbutt those who attack you in melee.
You have a pair of horns on your head.


Message History

Something hits you but does no damage.
You miss something. Something hits you but does no damage.
You barely miss something. Something hits you but does no damage.
You barely miss something. Something hits you.
* * * LOW HITPOINT WARNING * * *
You slash something! Your headbutt misses something.
You hear some strange, mumbled words.
A magic dart appears from out of thin air!
The magic dart hits you.
* * * LOW HITPOINT WARNING * * *
You miss something.
You hear some strange, mumbled words.
You are confused.
You barely miss something. Your headbutt misses something.
Something hits you but does no damage.
You barely miss something.
You hear some strange, mumbled words.
A puff of flame appears from out of thin air!
The puff of flame hits you.
You die...

.... #.#.....#......#
....###.......#.......
.....................
#.......####........
+...................
#........?..........
+..#)...............
##...{..............
+..)@).............
#...[)[............
#...<.)...._.......
.....##'####..........
....##..........⌠....
....##...............
..........o......._..
..........o.......%..
o......
............#.......


There were no monsters in sight!

Vanquished Creatures
  An orc warrior (D:3)
  An orc wizard (D:3)
  4 adders (D:2)
  2 worms
  6 dart slugs
  A leopard gecko (D:3)
  7 orcs (D:3)
  A giant cockroach (D:1)
  6 goblins
  9 hobgoblins
  6 jackals
  2 quokkas (D:3)
  A ball python (D:1)
  6 bats
  3 frilled lizards
  7 kobolds
  10 rats
73 creatures vanquished.

Notes
Turn   | Place    | Note
-------+----------+-------------------------------------------
     0 | D:1      | Nierin the Minotaur Berserker began the quest for the Orb.
     0 | D:1      | Reached XP level 1. HP: 19/19 MP: 0/0
   146 | D:1      | Reached XP level 2. HP: 26/27 MP: 1/1
   306 | D:1      | Reached skill level 4 in Axes
   347 | D:1      | Reached ** piety under Trog
   662 | D:1      | Reached XP level 3. HP: 33/33 MP: 2/2
   982 | D:2      | Reached XP level 4. HP: 25/40 MP: 3/3
  1128 | D:2      | Found a shadowy altar of Dithmenos.
  1330 | D:2      | Found a snail-covered altar of Cheibriados.
  1449 | D:3      | Found an ancient bone altar of Kikubaaqudgha.
  1451 | D:3      | Reached skill level 1 in Shields
  1457 | D:3      | Reached *** piety under Trog
  1473 | D:3      | Noticed an orc warrior
  1480 | D:3      | Found a hazy altar of Hepliaklqana.
  1492 | D:3      | Killed an orc warrior
  1492 | D:3      | Reached skill level 5 in Axes
  1492 | D:3      | Reached XP level 5. HP: 47/47 MP: 4/4
  1617 | D:3      | HP: 2/47 [something/magic dart (5)]
  1620 | D:3      | Killed from afar by an orc wizard

Levels and vault maps discovered:
D:1:      dpeg_arrival_brainrot, layout_basic
D:2:      minmay_alternating_diamond, layout_rooms,
          nicolae_dithmenos_shadow_blocks, kennysheep_slug_shrine
D:3:      layout_basic, grunt_temple_overflow_open,
          cheibrodos_sewer_entry_sluice, first_ration, uniq_natasha

Skill      XL: |  1  2  3  4  5 |
---------------+----------------+-----
Fighting       | 4 |  4.7
Axes           | 4 5 |  5.4
Armour         | 3 |  3.8
Dodging        | 3 |  3.5
Shields        | 1 2 |  2.0

Action                   |  1- 3 |  4- 6 || total
-------------------------+-------+-------++-------
Melee: Hand axe          |    63 |    88 ||   151
       Headbutt          |    12 |    15 ||    27
Invok: Berserk           |     1 |     2 ||     3
       Trog's Hand       |     1 |     1 ||     2
Evoke: Wand              |       |     1 ||     1
  Eat: Chunk             |     1 |     2 ||     3
       Ration            |       |     1 ||     1
Armor: Ring mail         |    16 |    34 ||    50
       Animal skin       |     2 |       ||     2
Dodge: Dodged            |    33 |    34 ||    67
Block: Buckler           |     5 |    14 ||    19

Table legend:
 A = Non-vault XP
 B = Vault XP
 C = Vault XP percentage of total XP
 D = Non-vault monster count
 E = Vault monster count
 F = Vault count percentage of total count
                 A         B        C        D         E       F
            +---------+---------+-------+---------+---------+-------
      Total |     318 |      37 |  10.4 |      66 |       7 |   9.6
            +---------+---------+-------+---------+---------+-------
        D:1 |      47 |       0 |   0.0 |      25 |       0 |   0.0
        D:2 |      63 |      37 |  37.0 |      22 |       7 |  24.1
        D:3 |     208 |       0 |   0.0 |      19 |       0 |   0.0
            +---------+---------+-------+---------+---------+-------
